 Dungeon Crawl Stone Soup version 0.30-b1-2-g02819fbbbe (webtiles) character file.

Game seed: 5099608235896758292

16 Alarkh the Sneak (level 2, -1/24 HPs)
             Began as a Demonspawn Delver on May 22, 2023.
             Was a Follower of Uskayaw.
             Slain by an iguana (13 damage)
             ... on level 4 of the Dungeon.
             The game lasted 00:01:20 (341 turns).

Alarkh the Sneak (Demonspawn Delver)                 Turns: 341, Time: 00:01:21

Health: -1/24      AC:  3    Str: 12    XL:     2   Next: 37%
Magic:  2/2        EV: 11    Int: 11    God:    Uskayaw [*.....]
Gold:   11         SH:  0    Dex: 14    Spells: 1/1 levels left

rFire   . .          .
                       - Unarmed
rCold   . . .        (no shield)
rNeg    . . .        a - +0 leather armour
rPois   .            (no helmet)
rElec   .            (no cloak)
rCorr   .            (no gloves)
SInv    .            (no boots)
Will    .....        (no amulet)
Stlth   ++           (no ring)
HPRegen 0.24/turn    (no ring)
MPRegen 0.08/turn

%: no passive effects
@: no status effects
A: demonic touch 1
a: Renounce Religion, Stomp


You were on level 4 of the Dungeon.
You worshipped Uskayaw.
Uskayaw was noncommittal.
You visited 2 branches of the dungeon, and saw 3 of its levels.

You collected 11 gold pieces.

Inventory:

Missiles
 i - 2 boomerangs (quivered)
Armour
 a - a +0 leather armour (worn)
Wands
 f - a wand of digging (3)
Scrolls
 b - a scroll of fog
 c - a scroll of magic mapping
 d - a scroll of fear
 g - a scroll of noise {unknown}
 j - a scroll of butterflies {unknown}
Potions
 e - a potion of haste


   Skills:
 - Level 3.0 Fighting
 - Level 1.7 Dodging
 - Level 4.5 Stealth
 + Level 2.8 Unarmed Combat


You had one spell level left.
You didn't know any spells.
Your spell library was empty.

Dungeon Overview and Level Annotations

Branches:
Dungeon (5/15)             Temple (1/1) D:4

Altars:
Cheibriados
Dithmenos
Hepliaklqana
Makhleb
Qazlal
Uskayaw
Vehumet
Lugonu


Innate Abilities, Weirdness & Mutations

Your touch may inflict minor irresistible damage on your foes.


Message History

Moving in this stuff is going to be slow.
There is a corrupted altar of Lugonu here.
There is a dry fountain here.
There is a corrupted altar of Lugonu here.
Found a corrupted altar of Lugonu.
Done exploring.
Done exploring.
Search for what [? for help]? usj Can't find anything matching that.
Search for what [Enter for "usj", or ? for help]? us
There is a hide-covered altar of Uskayaw here.
You kneel at the altar of Uskayaw.
Uskayaw welcomes you!
(D) Dungeon (T) Temple
Where to? (Enter - Temple @ (x,y), ? - help)
There is a hazy altar of Hepliaklqana here.
There is a staircase back to the Dungeon here.
You climb upwards.
There is a staircase to the Ecumenical Temple here.
An iguana comes into view.
Found a scroll labelled FULUELA CUZY.
The iguana hisses angrily.
It was a potion of curing.
You feel better.
You hit the iguana.
The iguana is moderately wounded.
The iguana barely misses you.
You hit the iguana but do no damage.
You touch the iguana.
The iguana is severely wounded.
The iguana barely misses you.
You can now stomp with the beat.
You barely miss the iguana.
The iguana is severely wounded.
The iguana bites you!
Ouch! That really hurt!
You are too injured to fight recklessly!
You hit the iguana. Your punch misses the iguana.
The iguana is almost dead.
The iguana bites you!
Ouch! That really hurt!
You die...

###..........##...##.......#
....#......⌠....>....⌠...#
...#........##...##....##
#....##.##....##
#.##..#.#..##.#
#..##.....##..##
#..##.⌠.##.?...
##..#...#...... #...@l....#
... ###.....#.# ..#
+....$#.# #.....# # #......#
#......# #.#####. #. .#


You could see an iguana.

Vanquished Creatures
  An adder (D:4)
  An orc (D:4)
  A giant cockroach (D:4)
  A hobgoblin (D:4)
  2 ball pythons (D:4)
6 creatures vanquished.

Notes
Turn   | Place    | Note
-------+----------+-------------------------------------------
     0 | D:5      | Alarkh the Demonspawn Delver began the quest for the Orb.
     0 | D:5      | Reached XP level 1. HP: 18/18 MP: 1/1
     6 | D:5      | Noticed a hound
   107 | D:4      | Found a shadowy altar of Dithmenos.
   187 | D:4      | Found a staircase to the Ecumenical Temple.
   201 | D:4      | Gained mutation: Your touch may inflict minor irresistible
                  | damage on your foes. [demonic ancestry]
   201 | D:4      | Reached XP level 2. HP: 15/24 MP: 2/2
   216 | Temple   | Entered the Ecumenical Temple
   303 | Temple   | Became a worshipper of Uskayaw the Reveller
   339 | D:4      | Reached * piety under Uskayaw
   341 | D:4      | Slain by an iguana

Illustrated notes

Levels and vault maps discovered:
D:4:      layout_basic, kennysheep_mini, old_standard_altar,
          nicolae_ashenzari_skybound, nicolae_sif_muna_little_library,
          minmay_temple_entry_waves, grunt_ministairs_14
D:5:      layout_basic, mainiacjoe_overflow_alcove_1,
          nicolae_yredelemnul_corpse_copse, minmay_holes
Temple:   corrupted_temple

Skill      XL: |  1 |
---------------+----+-----
Unarmed Combat | 2 |  2.8
Fighting       | |  3.0
Dodging        | |  1.7
Stealth        | |  4.5

Action                     || total
---------------------------++-------
  Melee: Unarmed           ||    27
         Touch             ||     2
  Throw: Boomerang         ||     3
    Use: Potion            ||     2
   Stab: Sleeping          ||     1
  Dodge: Dodged            ||    14
